 Dungeon Crawl Stone Soup version 0.13.1-28-g3517093 (webtiles) character file.

102 CrazyArbalest the Bolt Thrower (level 3, -5/27 HPs)
             Began as a Demonspawn Hunter on Mar 10, 2014.
             Killed from afar by Sigmund (9 damage)
             ... with a wand of frost
             ... on Level 2 of the Dungeon.
             The game lasted 00:02:15 (1022 turns).

CrazyArbalest the Bolt Thrower (Demonspawn Hunter)  Turns: 1022, Time: 00:02:15

HP  -5/27        AC  3     Str 13      XL: 3   Next: 78%
MP   2/2         EV 19     Int 12      God:
Gold 43          SH  0     Dex 18      Spells:  0 memorised,  2 levels left

Res.Fire  : . . .   See Invis. : .   b - +1 crossbow
Res.Cold  : . . .   Warding    : .   d - +0 leather armour
Life Prot.: . . .   Conserve   : .   (no shield)
Res.Poison: .       Res.Corr.  : .   (no helmet)
Res.Elec. : .       Clarity    : .   (no cloak)
Sust.Abil.: . .     Spirit.Shd : .   (no gloves)
Res.Mut.  : .       Stasis     : .   (no boots)
Res.Rott. : .       Flight     : .   (no amulet)
Saprovore : . . .                    (no ring)
                                     (no ring)

@: invisible, agile, very slightly contaminated, not resistant to hostile
enchantments, stealthy
A: EV +2
a: no special abilities


You were on level 2 of the Dungeon.
You were not hungry.

You visited 1 branch of the dungeon, and saw 2 of its levels.

You collected 23 gold pieces.

Inventory:

Hand weapons
 a - a +0,+0 short sword
 b - a +1,+1 crossbow (weapon)
Missiles
 c - 44 bolts (quivered)
Armour
 d - a +0 leather armour (worn)
Comestibles
 f - a bread ration
 j - 2 meat rations
Scrolls
 i - a scroll of identify {unknown}
 k - a scroll of magic mapping {unknown}
 m - a scroll of teleportation {unknown}


   Skills:
 + Level 1.0 Fighting
 + Level 4.6 Crossbows
 + Level 0.8 Armour
 + Level 2.2 Dodging
 + Level 0.8 Stealth


You had 2 spell levels left.
You didn't know any spells.

Dungeon Overview and Level Annotations

Branches:
Dungeon (2/27)

Altars:

Annotations:
D:2 Sigmund


Innate Abilities, Weirdness & Mutations

You are surrounded by a mild repulsion field (EV +2).


Message History

Sigmund gestures at you while chanting. The puff of flame misses you.
Firing (i - inventory):
c - 47 bolts (quivered)
Press: ? - help, Shift-Dir - straight line, f/p - Sigmund
Aim: Sigmund, wielding a runed scythe, wearing a robe and carrying a wand of frost {zapped: 7} (moderately wounded)
You shoot a bolt. The bolt misses Sigmund.
Sigmund zaps a wand.
The puff of frost misses you.
Firing (i - inventory):
c - 46 bolts (quivered)
Press: ? - help, Shift-Dir - straight line, f/p - Sigmund
Aim: Sigmund, wielding a runed scythe, wearing a robe and carrying a wand of frost {zapped: 8} (moderately wounded)
You shoot a bolt. The bolt hits Sigmund.
Sigmund is heavily wounded.
Sigmund drinks a potion.
Sigmund is healed!
Firing (i - inventory):
c - 45 bolts (quivered)
Press: ? - help, Shift-Dir - straight line, f/p - Sigmund
Aim: Sigmund, wielding a runed scythe, wearing a robe and carrying a wand of frost {zapped: 8} (lightly wounded)
You shoot a bolt. The bolt hits Sigmund.
Sigmund is heavily wounded.
Sigmund zaps a wand.
The puff of frost hits you!
You die...

#.##....# #.##.#<.#
#.##.#..# #........
#.......# ######...
#.......# #...
####.#############.##
#.# #.......#. # #.#
#.......#. # #.#
#.......#.## #@#
#.......#... #.#
#.......#### #.#
#.......# #. #.#
#.......###. #.@
#.##........ ##(
#.#####.###. (
#.#####.# #% (.
#.......###> .
#######.....


You could see Sigmund.

Vanquished Creatures
  2 adders (D:2)
  2 worms (D:2)
  6 bats
  2 goblins
  5 hobgoblins
  3 kobolds
  A quokka (D:2)
  5 giant cockroaches
  4 rats
30 creatures vanquished.

Notes
Turn   | Place    | Note
--------------------------------------------------------------
     0 | D:1      | CrazyArbalest, the Demonspawn Hunter, began the quest for the Orb.
     0 | D:1      | Reached XP level 1. HP: 16/16 MP: 0/0
   259 | D:1      | Gained mutation: You are surrounded by a mild repulsion field (EV +2). [demonic ancestry]
   259 | D:1      | Reached XP level 2. HP: 19/22 MP: 1/1
   323 | D:1      | Reached skill level 4 in Crossbows
   752 | D:2      | Reached XP level 3. HP: 24/27 MP: 2/2
  1006 | D:2      | Noticed Sigmund
  1022 | D:2      | Killed from afar by Sigmund

Action                   || total
-------------------------++-------
 Fire: Crossbow          ||    61
  Use: Potion            ||     6
